 Dungeon Crawl Stone Soup version 0.21-a0-504-g2eda330 (webtiles) character file.

44 Cricketeer the Chopper (level 3, -4/33 HPs)
             Began as a Hill Orc Berserker on Nov 25, 2017.
             Was a Follower of Trog.
             Killed from afar by a dart slug (5 damage)
             ... with a slug dart
             ... on level 2 of the Dungeon on Nov 26, 2017.
             The game lasted 00:10:36 (1735 turns).

Cricketeer the Chopper (Hill Orc Berserker)         Turns: 1735, Time: 00:10:36

Health: -4/33      AC:  3    Str: 20    XL:     3   Next: 60%
Magic:  3/3        EV: 12    Int:  7    God:    Trog [*.....]
Gold:   72         SH:  0    Dex: 10    Spells: 2/2 levels left

rFire    . . .     SeeInvis .   a - +0 hand axe
rCold    . . .     Gourm    .   (no shield)
rNeg     . . .     Faith    .   d - +0 leather armour
rPois    .         Spirit   .   (no helmet)
rElec    .         Reflect  .   (no cloak)
rCorr    .         Harm     .   (no gloves)
MR       .....                  (no boots)
Stlth    +.........             (no amulet)
HPRegen  0.11/turn              (no ring)
MPRegen  0.08/turn              (no ring)

@: lethally poisoned (-4 -> -8)
A: no striking features
a: Berserk, Burn Spellbooks, Renounce Religion


You were on level 2 of the Dungeon.
You worshipped Trog.
Trog was aware of your devotion.
You were hungry.

You visited 1 branch of the dungeon, and saw 2 of its levels.

You collected 72 gold pieces.

Inventory:

Hand Weapons
 a - a +0 hand axe (weapon)
Armour
 b - a +0 animal skin
 d - a +0 leather armour (worn)
 f - a +0 leather armour
Jewellery
 i - an uncursed ring of ice {unknown}
 l - an uncursed amulet of faith {unknown}
Scrolls
 h - a scroll of magic mapping {unknown}
 k - a scroll of identify {unknown}
Potions
 e - a potion of curing {unknown}
 g - a potion of haste {unknown}
 j - a potion of magic {unknown}
Comestibles
 c - 2 bread rations


   Skills:
 + Level 4.0 Fighting
 + Level 4.9 Axes
 + Level 2.2 Armour
 + Level 2.3 Dodging


You had 2 spell levels left.
You didn't know any spells.

Dungeon Overview and Level Annotations

Branches:
Dungeon (2/15)

Altars:
Elyvilon
The Shining One


Message History

You barely miss the adder.
The adder is heavily wounded.
The frilled lizard hisses angrily.
You hit the dart slug but do no damage. The adder bites you.
* * * LOW HITPOINT WARNING * * *
You closely miss the adder.
The adder is heavily wounded.
You hit the dart slug.
You feel sick. The adder bites you.
* * * LOW HITPOINT WARNING * * *
The dart slug misses you.
You closely miss the adder.
The adder is heavily wounded.
You completely miss the dart slug.
* * * LOW HITPOINT WARNING * * *
You feel sick. The adder bites you.
* * * LOW HITPOINT WARNING * * *
The adder closely misses you. The dart slug launches a dart at you.
The slug dart hits you!
You die...

. #... . #... ### #.
#... #.. #.#####..# #..
#.l#.....### ###.. ...
..... #≈≈..
#.##.#.###.#########≈..♣
#.....[@S...........)...
#.##....w..#######...♣._
######### ##..... ##≈..♣
#≈≈.. ###.. ##. ##


You could see an adder, a dart slug and a frilled lizard.

Vanquished Creatures
  An adder (D:2)
  A dart slug (D:1)
  6 bats (D:1)
  2 giant cockroaches (D:1)
  7 goblins (D:1)
  2 hobgoblins (D:1)
  2 frilled lizards (D:1)
  5 kobolds (D:1)
  5 rats (D:1)
31 creatures vanquished.

Notes
Turn   | Place    | Note
-------+----------+-------------------------------------------
     0 | D:1      | Cricketeer the Hill Orc Berserker began the quest for the Orb.
     0 | D:1      | Reached XP level 1. HP: 19/19 MP: 1/1
   171 | D:1      | Reached XP level 2. HP: 12/27 MP: 2/2
   186 | D:1      | HP: 1/27 [hobgoblin (4)]
  1084 | D:1      | Reached XP level 3. HP: 33/33 MP: 3/3
  1598 | D:2      | Found a glowing golden altar of the Shining One.
  1621 | D:2      | Found a white marble altar of Elyvilon.
  1735 | D:2      | HP: 1/33 [adder (3)]
  1735 | D:2      | Killed from afar by a dart slug

Vault maps used:
D:1:      roderic_chinese_lattice_arrival, minmay_split_cup_small
D:2:      tso_altar, first_bread, grunt_ministairs_1, elyvilon_altar_4

Skill      XL: |  1  2  3 |
---------------+----------+-----
Dodging        | 2 |  2.3
Fighting       | 4 |  4.0
Axes           | |  4.9
Armour         | |  2.2

Action                   || total
-------------------------++-------
Melee: Hand axe          ||   115
  Eat: Chunk             ||     2
Armor: Animal skin       ||    50
Dodge: Dodged            ||   160

Table legend:
 A = Spawn XP
 B = Non-spawn XP
 C = Spawn XP percentage of total XP
 D = Spawn monster count
 E = Non-spawn monster count
 F = Spawn count percentage of total count
 G = Total turns spent on level
                    A         B        C        D         E        F      G
               +---------+---------+-------+---------+---------+-------+---------
         Total |       0 |      63 |   0.0 |       0 |      31 |   0.0 |  1735
               +---------+---------+-------+---------+---------+-------+---------
           D:1 |       0 |      49 |   0.0 |       0 |      30 |   0.0 |  1545
           D:2 |       0 |      14 |   0.0 |       0 |       1 |   0.0 |   190
               +---------+---------+-------+---------+---------+-------+---------
